 Dungeon Crawl Stone Soup version 0.25-a0-458-g6fc7858b95 (webtiles) character file.

Game seed: 5226224572447270974, levelgen mode: deterministic

2004 Nattfarinn the Covert (level 9, -6/42 HPs)
             Began as a Vine Stalker Assassin on Feb 2, 2020.
             Was a Follower of Uskayaw.
             Killed by divine providence
             ... invoked by an orc priest
              (11 damage)
             ... on level 7 of the Dungeon.
             The game lasted 00:17:46 (6706 turns).

Nattfarinn the Covert (Vine Stalker Assassin)       Turns: 6706, Time: 00:17:46

Health: -6/42      AC:  4    Str: 13    XL:     9   Next: 22%
Magic:  0/15       EV: 12    Int: 14    God:    Uskayaw [*.....]
Gold:   349        SH:  0    Dex: 20    Spells: 8/8 levels left

rFire    x . .     SeeInvis .   j - +2 dagger (speed)
rCold    + . .     Gourm    .   (no shield)
rNeg     . . .     Faith    .   b - +0 robe
rPois    .         Spirit   +   p - +1 hat {Int+3}
rElec    .         Reflect  .   t - +0 cloak
rCorr    .         Harm     .   (no gloves)
MR       +....                  (no boots)
Stlth    +++++.....             (no amulet)
HPRegen  0.54/turn              y - ring of ice
MPRegen  0.14/turn              (no ring)

@: no status effects
A: fangs 3, regeneration 1, magic shield, antimagic bite, no potion heal 3, rot
immunity
a: Stomp, Renounce Religion


You were on level 7 of the Dungeon.
You worshipped Uskayaw.
Uskayaw was noncommittal.
You were not hungry.

You visited 2 branches of the dungeon, and saw 8 of its levels.

You collected 349 gold pieces.

Inventory:

Hand Weapons
 a - a +2 dagger
 j - a +2 dagger of speed (weapon)
Missiles
 d - 10 poisoned darts (quivered)
Armour
 b - a +0 robe (worn)
 c - a +0 cloak
 p - a +1 hat of intelligence (worn)
 t - a +0 cloak (worn)
Jewellery
 y - a ring of ice (left hand)
Wands
 r - a wand of flame (12)
 u - a wand of acid (3)
Scrolls
 g - 6 scrolls of identify
 h - a scroll of amnesia
 i - a scroll of fog {unknown}
 l - 2 scrolls of magic mapping
 n - 4 scrolls of teleportation
 s - 2 scrolls of remove curse
Potions
 k - 3 potions of might
 m - 4 potions of curing
 o - 2 potions of magic
 q - a potion of cancellation {unknown}
 w - a potion of flight
 x - a potion of heal wounds {unknown}
 z - a potion of haste
 B - a potion of agility {unknown}
Comestibles
 f - 6 rations
 A - 2 chunks of flesh


   Skills:
 - Level 1.7 Fighting
 - Level 1.7 Short Blades
 - Level 1.7 Throwing
 + Level 4.9 Armour
 - Level 0.7 Dodging
 + Level 10.4 Stealth
 * Level 7.0 Invocations


You had 8 spell levels left.
You didn't know any spells.
Your spell library contained the following spells:

 Spells                   Type           Power        Failure   Level  Hunger
 Animate Skeleton         Necr           N/A          28%         1    ##.....
 Apportation              Tloc           #.....       28%         1    ##.....
 Corona                   Hex            #......      28%         1    ##.....
 Magic Dart               Conj           #...         28%         1    ##.....
 Summon Small Mammal      Summ           #...         28%         1    ##.....
 Blink                    Tloc           N/A          41%         2    ###....
 Call Imp                 Summ           #.......     41%         2    ###....
 Slow                     Hex            #.......     41%         2    ###....
 Conjure Flame            Conj/Fire      #.......     65%         3    ####...
 Mephitic Cloud           Conj/Pois/Air  #.......     65%         3    ####...


Dungeon Overview and Level Annotations

Branches:
Dungeon (7/15)             Temple (1/1) D:4

Altars:
Ashenzari
Dithmenos
Elyvilon
Fedhas
Hepliaklqana
Kikubaaqudgha
Nemelex Xobeh
Okawaru
Qazlal
Sif Muna
Trog
Uskayaw
Vehumet
Wu Jian
Xom
Yredelemnul
Zin
The Shining One

Shops:
D:7 =


Innate Abilities, Weirdness & Mutations

You have razor-sharp teeth.
Your natural rate of healing is unusually fast.
When hurt, damage is shared between your health and your magic reserves.
Your bite disrupts and absorbs the magic of your enemies.
Potions cannot restore your health.
You are immune to rotting.


Message History

Press: ? - help, Shift-Dir - straight line, f/p - orc priest
Aim: an orc priest, wielding a +0 club and wearing a +0 leather armour You throw a poisoned dart.
The poisoned dart barely misses the orc priest.
Throwing (i - inventory)
d - 12 poisoned darts (quivered)
Press: ? - help, Shift-Dir - straight line, f/p - orc priest
Aim: an orc priest, wielding a +0 club and wearing a +0 leather armour You throw a poisoned dart.
The poisoned dart hits the orc priest.
The orc priest is poisoned.
Throwing (i - inventory)
d - 11 poisoned darts (quivered)
Press: ? - help, Shift-Dir - straight line, f/p - orc priest
Aim: an orc priest, wielding a +0 club and wearing a +0 leather armour (poisoned)
You throw a poisoned dart. The poisoned dart hits the orc priest.
The orc priest looks even sicker.
The orc priest mumbles some strange prayers to Beogh against you.
Pain shoots through your body!
* * * LOW HITPOINT WARNING * * *
The orc priest calls down the wrath of Beogh upon you.
Beogh smites you!
You die...

.# ##....# .#
#....## .###....#
.##....##
.#....####
.#.......####
(...........#####
.).(...(.o(.....###
......).)((..(o.@.#
..#.......##......#
...#.......##.#####
....#.......###
....##.......#
.....##......##
.....####.....#
.....# ####.##
.##### ###


You could see 2 orc priests.

Vanquished Creatures
  Menkaure (D:4)
  An orc warrior (D:7)
  A sky beast (D:5)
  2 ice beasts
  4 ogres
  A centaur (D:5)
  2 bullfrogs
  3 crimson imps
  2 jellies
  2 bullfrog skeletons (D:4)
  A hound (D:5)
  A centaur skeleton (D:4)
  3 iguanas
  6 orc wizards
  6 worker ants
  7 gnolls (D:3)
  9 adders
  A shadow imp (D:6)
  An ooze (D:3)
  2 worms
  2 dart slugs
  4 leopard geckos
  26 orcs
  4 giant cockroaches
  4 goblins
  6 hobgoblins
  9 jackals
  6 quokkas
  7 bats
  5 frilled lizards
  A jackal skeleton (D:4)
  7 kobolds
  A quokka zombie (D:6)
  11 rats
149 creatures vanquished.

Notes
Turn   | Place    | Note
-------+----------+-------------------------------------------
     0 | D:1      | Nattfarinn the Vine Stalker Assassin began the quest for
                  | the Orb.
     0 | D:1      | Reached XP level 1. HP: 11/11 MP: 2/2
   156 | D:1      | Reached skill level 5 in Stealth
   173 | D:1      | Reached XP level 2. HP: 15/15 MP: 3/3
   890 | D:2      | Reached skill level 1 in Armour
   892 | D:2      | Reached XP level 3. HP: 18/18 MP: 4/4
  1314 | D:2      | Reached skill level 6 in Stealth
  1795 | D:2      | Gained mutation: Your natural rate of healing is unusually
                  | fast. [Vine Stalker growth]
  1795 | D:2      | Reached XP level 4. HP: 23/23 MP: 5/5
  2342 | D:3      | Reached skill level 7 in Stealth
  2342 | D:3      | Reached XP level 5. HP: 16/26 MP: 6/6
  2584 | D:3      | Found a shattered altar of Ashenzari.
  2650 | D:3      | Found a glowing silver altar of Zin.
  2990 | D:3      | Found a shimmering altar of Xom.
  3122 | D:4      | Reached XP level 6. HP: 30/30 MP: 7/7
  3273 | D:4      | Reached skill level 8 in Stealth
  3295 | D:4      | Found a staircase to the Ecumenical Temple.
  3302 | D:4      | Found a radiant altar of Vehumet.
  3315 | Temple   | Entered the Ecumenical Temple
  3346 | Temple   | Became a worshipper of Uskayaw the Reveler
  3388 | D:4      | Reached * piety under Uskayaw
  3395 | D:4      | Reached ** piety under Uskayaw
  3450 | D:4      | Noticed Menkaure
  3457 | D:4      | Killed Menkaure
  3457 | D:4      | Reached *** piety under Uskayaw
  3674 | D:4      | Reached XP level 7. HP: 34/34 MP: 9/9
  3722 | D:4      | Found a basalt altar of Yredelemnul.
  3722 | D:4      | Found a radiant altar of Vehumet.
  4213 | D:5      | Entered Level 5 of the Dungeon
  4460 | D:5      | Reached skill level 9 in Stealth
  4550 | D:5      | Gained mutation: You have razor-sharp teeth. [Vine Stalker
                  | growth]
  4550 | D:5      | Reached XP level 8. HP: 14/38 MP: 12/12
  4855 | D:5      | Reached skill level 5 in Invocations
  5497 | D:6      | Noticed a moth of wrath
  5513 | D:6      | Found a bloodstained altar of Trog.
  5729 | D:6      | Reached skill level 10 in Stealth
  5864 | D:6      | Reached XP level 9. HP: 42/42 MP: 14/14
  6072 | D:6      | Found an iron altar of Okawaru.
  6323 | D:7      | Found Yrual's Jewellery Emporium.
  6363 | D:7      | Found a white marble altar of Elyvilon.
  6706 | D:7      | Killed from afar by an orc priest

Levels and vault maps discovered:
D:1:      minmay_arrival_widening_spiral_narrow, layout_loops_ring
D:2:      layout_basic
D:3:      layout_loops_cross, nicolae_ashenzari_panopticon, xom_teletrap_fun,
          lemuel_round_altar, first_ration
D:4:      layout_basic, gammafunk_temple_overflow_elements,
          minmay_temple_entry_waves, vehumet_altar_wand_db, uniq_menkaure
D:5:      layout_loops_cross
D:6:      layout_gridville, okawaru_gym_becter, tgw_trog
D:7:      layout_cave_pods, old_standard_altar, slow_altar_1, serial_shops,
          shop, uniq_crazy_yiuf_cottage
Temple:   minmay_temple_bridge_abc

Skill      XL: |  1  2  3  4  5  6  7  8  9 |
---------------+----------------------------+-----
Stealth        | 5 6 7 8 9 10 | 10.4
Armour         | 1 2 3 4 |  4.9
Invocations    | 2 4 6 7 |  7.0
Fighting       | |  1.7
Short Blades   | |  1.7
Throwing       | |  1.7
Dodging        | |  0.7

Action                   |  1- 3 |  4- 6 |  7- 9 || total
-------------------------+-------+-------+-------++-------
Melee: Dagger            |    79 |   189 |   286 ||   554
       Bite              |    18 |    56 |   107 ||   181
Throw: Dart              |    12 |       |    19 ||    31
Evoke: Wand              |       |    10 |       ||    10
  Use: Potion            |     4 |     1 |       ||     5
       Scroll            |       |     6 |     3 ||     9
 Stab: Sleeping          |     7 |    15 |    18 ||    40
       Distracted        |       |     1 |     1 ||     2
       Paralysed         |       |       |     4 ||     4
  Eat: Chunk             |     2 |     7 |     9 ||    18
Armor: Robe              |    20 |    20 |    34 ||    74
Dodge: Dodged            |    35 |    44 |    82 ||   161
Block: Buckler           |       |     7 |     1 ||     8

Table legend:
 A = Non-vault XP
 B = Vault XP
 C = Vault XP percentage of total XP
 D = Non-vault monster count
 E = Vault monster count
 F = Vault count percentage of total count
                 A         B        C        D         E       F
            +---------+---------+-------+---------+---------+-------
      Total |    2681 |     183 |   6.4 |     142 |       7 |   4.7
            +---------+---------+-------+---------+---------+-------
        D:1 |      29 |       0 |   0.0 |      15 |       0 |   0.0
        D:2 |      64 |       0 |   0.0 |      18 |       0 |   0.0
        D:3 |     220 |       0 |   0.0 |      32 |       0 |   0.0
        D:4 |     356 |     174 |  32.8 |      19 |       2 |   9.5
        D:5 |     952 |       0 |   0.0 |      22 |       0 |   0.0
        D:6 |     686 |       9 |   1.3 |      28 |       5 |  15.2
        D:7 |     374 |       0 |   0.0 |       8 |       0 |   0.0
            +---------+---------+-------+---------+---------+-------
